 Dungeon Crawl Stone Soup version 0.29.1-12-g30fa7ad0bf (webtiles) character file.

Game seed: 16287859781848655382

724 KittyFluff the Cudgeller (level 7, -3/44 HPs)
             Began as a Gargoyle Berserker on Jan 11, 2023.
             Was a Priest of Trog.
             Slain by an orc
             ... wielding a +2 mace of protection
              (8 damage)
             ... on level 4 of the Dungeon.
             The game lasted 00:15:23 (4839 turns).

KittyFluff the Cudgeller (Gargoyle Berserker)       Turns: 4839, Time: 00:15:26

Health: -3/44      AC:  8    Str: 20    XL:     7   Next: 71%
Magic:  7/7        EV: 12    Int:  8    God:    Trog [***...]
Gold:   268        SH:  3    Dex: 11    Spells: 6/6 levels left

rFire   . . .      SeeInvis .   g - +0 flail
rCold   . . .      Faith    .   s - +0 buckler
rNeg    + . .      Spirit   .   h - +0 leather armour
rPois   ∞          Reflect  .   (no helmet)
rElec   +          Harm     .   (no cloak)
rCorr   .          Rampage  .   (no gloves)
Will    .....                   (no boots)
Stlth   +.........              (no amulet)
HPRegen 0.14/turn               (no ring)
MPRegen 0.10/turn               (no ring)

@: on berserk cooldown, slowed, very slow
A: sickness immunity, AC +4, negative energy resistance 1, electricity
resistance, torment resistance 1, petrification resistance
a: Renounce Religion, Berserk, Trog's Hand


You were on level 4 of the Dungeon.
You worshipped Trog.
Trog was most pleased with you.
You visited 1 branch of the dungeon, and saw 5 of its levels.

You collected 268 gold pieces.

Inventory:

Hand Weapons
 a - a +0 mace
 g - a +0 flail (weapon)
Missiles
 c - 18 stones (quivered)
 i - 3 poisoned darts
Armour
 f - a +0 ring mail
 h - a +0 leather armour (worn)
 s - a +0 buckler (worn)
Scrolls
 e - a scroll of enchant armour {unknown}
 j - a scroll of silence {unknown}
 m - a scroll of teleportation {unknown}
 p - a scroll of enchant weapon {unknown}
 r - a scroll of noise {unknown}
 t - a scroll of amnesia {unknown}
 u - a scroll of vulnerability
Potions
 d - 3 potions of curing
 k - a potion of heal wounds
 l - a potion of mutation {unknown}
 n - a potion of cancellation {unknown}
 o - a potion of berserk rage {unknown}
 q - a potion of lignification {unknown}


   Skills:
 + Level 4.8 Fighting
 * Level 5.5 Maces & Flails
 * Level 5.5 Armour
 + Level 3.1 Dodging
 + Level 1.2 Shields


You had 6 spell levels left.
You didn't know any spells.
Your spell library was empty.

Dungeon Overview and Level Annotations

Branches:
Dungeon (5/15)
 Temple: D:4-7

Altars:


Innate Abilities, Weirdness & Mutations

You are immune to sickness and miasma.
Your stone body is resilient. (AC +4)
You are immune to poison.
You resist negative energy. (rN+)
You are resistant to electric shocks. (rElec)
You are resistant to unholy torment.
You are immune to petrification.


Message History

The orc wizard is almost dead.
The centaur shoots an arrow.
The arrow hits you.
* * * LOW HITPOINT WARNING * * *
You block the orc wizard's attack.
You thump the orc wizard!
You kill the orc wizard!
Trog accepts your kill.
Trog appreciates your killing of a magic user.
The orc hits you with a +2 mace of protection.
* * * LOW HITPOINT WARNING * * *
Items here: ))) [[ †.
You feel a strong urge to attack something.
You feel your anger nearly subside.
You are no longer berserk.
You are exhausted.
You feel yourself slow down.
An ufetubus comes into view.
You block the orc's attack.
An ice beast comes into view.
The ufetubus hits you.
* * * LOW HITPOINT WARNING * * *
The ufetubus hits you but does no damage.
The orc barely misses you. The ufetubus barely misses you.
You block the ufetubus's attack. The orc closely misses you.
There is a stone staircase leading up here.
You block the ufetubus's attack. The ufetubus closely misses you.
The ufetubus misses you. The ufetubus hits you.
* * * LOW HITPOINT WARNING * * *
You block the orc's attack. The orc closely misses you.
The ufetubus closely misses you.
The ufetubus hits you but does no damage.
You climb upwards.
There is a stone staircase leading down here.
You hit the ufetubus.
The ufetubus is moderately wounded.
The ufetubus closely misses you.
The ufetubus hits you but does no damage.
The orc closely misses you. The orc barely misses you.
You block the ufetubus's attack. The ufetubus closely misses you.
The orc hits you with a +2 mace of protection!
You die...

.........#########..#
###
..###########.......#
..# ##...........## ..#
#.............# ..##
##............# ...##
#............## ....##
##............# ######
.....## ##.....o...#.##
##....# ......##
#.....@..##..####.....#
.......#
##....5o.#....##......#
.......##
###........#...#.....#
........#
####...#####..#....#
......... ###...###
###.....# ........#
###...### ##.####
#.......###...######
#.#
#..##..###.†#......##
#.# #..#
###...#........# #.##


You could see 2 orcs and an ufetubus.

Vanquished Creatures
  Sigmund (D:4)
  A necrophage (D:4)
  A scorpion (D:3)
  A howler monkey (D:4)
  An orc priest (D:3)
  3 hounds (D:4)
  2 iguanas
  2 orc wizards (D:5)
  A gnoll (D:1)
  6 adders
  2 worms
  2 dart slugs
  7 orcs
  3 endoplasms
  4 giant cockroaches
  5 goblins
  6 hobgoblins
  7 jackals
  5 kobolds
  7 quokkas
  6 ball pythons
  4 bats
  8 frilled lizards
  29 rats
114 creatures vanquished.

Vanquished Creatures (others)
  An orc wizard (D:5)
1 creature vanquished.

Grand Total: 115 creatures vanquished

Notes
Turn   | Place    | Note
-------+----------+-------------------------------------------
     0 | D:1      | KittyFluff the Gargoyle Berserker began the quest for the
                  | Orb.
     0 | D:1      | Reached XP level 1. HP: 14/14 MP: 1/1
   402 | D:1      | Reached XP level 2. HP: 19/19 MP: 2/2
   607 | D:1      | Reached XP level 3. HP: 17/23 MP: 3/3
   784 | D:1      | HP: 1/34 [giant cockroach (1)]
  1452 | D:2      | Reached ** piety under Trog
  1568 | D:2      | Reached XP level 4. HP: 29/29 MP: 4/4
  2388 | D:2      | Reached XP level 5. HP: 32/33 MP: 5/5
  2428 | D:2      | Found a faded altar of an unknown god.
  3042 | D:3      | Reached XP level 6. HP: 26/38 MP: 6/6
  3147 | D:3      | Reached *** piety under Trog
  3792 | D:4      | Noticed Sigmund
  3820 | D:4      | Killed Sigmund
  3821 | D:4      | Reached skill level 5 in Maces & Flails
  3821 | D:4      | Reached XP level 7. HP: 4/44 MP: 7/7
  3823 | D:4      | Reached skill level 5 in Armour
  4631 | D:5      | Entered Level 5 of the Dungeon
  4662 | D:4      | Reached skill level 1 in Shields
  4839 | D:4      | Slain by an orc

Illustrated notes

Levels and vault maps discovered:
D:1:      wheals_arrival_shading, layout_rooms
D:2:      layout_loops_ring, hellmonk_ecumenical_altar_defaced_shrine,
          kennysheep_flooded_box
D:3:      layout_rooms, chequers_arboretum, st_stairs_11,
          hangedman_decor_points, minmay_rat_hole
D:4:      layout_cave_pods, minmay_misc_feat_square, uniq_sigmund
D:5:      layout_basic, minmay_temple_entry_grid, minmay_manual_mess

Skill      XL: |  1  2  3  4  5  6  7 |
---------------+----------------------+-----
Armour         | 3 4 5 |  5.5
Dodging        | 2 3 |  3.1
Maces & Flails | 4 5 |  5.5
Fighting       | 4 |  4.8
Shields        | 1 |  1.2

Action                   |  1- 3 |  4- 6 |  7- 9 || total
-------------------------+-------+-------+-------++-------
Melee: Mace              |    66 |       |       ||    66
       Flail             |    48 |   230 |    78 ||   356
       Punch             |     1 |     2 |       ||     3
Throw: Stone             |       |     7 |       ||     7
Invok: Berserk           |     2 |       |     1 ||     3
  Use: Scroll            |       |       |     4 ||     4
Armor: Animal skin       |    45 |       |       ||    45
       Leather armour    |    13 |    88 |    64 ||   165
Dodge: Dodged            |   117 |   132 |    53 ||   302
Block: Buckler           |       |       |    21 ||    21
